 Dungeon Sprint DCSS version 0.29-a0-330-g52719c12eb (webtiles) character file.

Game seed: 8152880784858967678

588 jt the Severer (level 7, -9/91 HPs)
             Began as a Deep Dwarf Fighter on Apr 16, 2022.
             Was an Initiate of Elyvilon.
             Mangled by a nine-headed hydra (11 damage)
             ... in the Dungeon (Sprint VII: "The Pits").
             The game lasted 00:03:01 (258 turns).

jt the Severer (Deep Dwarf Fighter)                  Turns: 258, Time: 00:03:02

Health: -9/91      AC: 12    Str: 21    XL:     7   Next: 15%
Magic:  9/9        EV:  7    Int:  9    God:    Elyvilon [......]
Gold:   0          SH:  5    Dex: 12    Spells: 6/6 levels left

rFire   . . .      SeeInvis .   (no weapon)
rCold   . . .      Faith    .   c - +0 buckler
rNeg    . . .      Spirit   .   q - +3 chain mail
rPois   .          Reflect  .   (no helmet)
rElec   .          Harm     .   (no cloak)
rCorr   .          Rampage  .   (no gloves)
Will    +....      NoTele   +   (no boots)
Stlth   ..........              (no amulet)
HPRegen 0.00/turn               (no ring)
MPRegen 0.11/turn               (no ring)

@: mighty, berserking (expiring), very quick
A: damage resistance, heal wounds, sense surroundings 1, no regeneration
a: Heal Wounds, Renounce Religion


You were in the Dungeon.
You worshipped Elyvilon.
Elyvilon was noncommittal.
You visited 1 branch

Inventory:

Hand Weapons
 a - a +0 war axe
 p - a +2 hand axe
 r - a +0 hand axe of freezing
Missiles
 o - 10 stones
Armour
 b - a +0 scale mail
 c - a +0 buckler (worn)
 q - a +3 chain mail (worn)
Scrolls
 j - a scroll of blinking
 l - 5 scrolls of amnesia
 m - a scroll of summoning
 n - 2 scrolls of vulnerability
Potions
 e - 6 potions of curing
 f - 6 potions of heal wounds
 g - a potion of haste
 h - 4 potions of magic
 i - a potion of berserk rage
 k - 2 potions of invisibility


   Skills:
 - Level 2.6 Fighting
 + Level 15.4 Axes
 - Level 3.2 Armour
 - Level 6.0 Shields
 - Level 5.0 Invocations


You had 6 spell levels left.
You didn't know any spells.
Your spell library was empty.

Dungeon Overview and Level Annotations

Branches:
Dungeon (1/1)

Altars:
Ashenzari
Cheibriados
Dithmenos
Elyvilon
Fedhas
Gozag
Hepliaklqana
Kikubaaqudgha
Makhleb
Nemelex Xobeh
Okawaru
Qazlal
Ru
Sif Muna
Trog
Uskayaw
Vehumet
Wu Jian
Xom
Yredelemnul
Zin
The Shining One
Beogh
Jiyva
Lugonu


Innate Abilities, Weirdness & Mutations

You are resistant to damage.
You can heal yourself by infusing magical energy.
You passively map a small area around you.
You do not regenerate.


Message History

The nine-headed hydra bites you but does no damage. x3
You block the nine-headed hydra's attack.
The nine-headed hydra barely misses you.
The nine-headed hydra bites you. The nine-headed hydra bites you!
The nine-headed hydra bites you. x2
You punch the nine-headed hydra!
The nine-headed hydra is moderately wounded.
You punch the nine-headed hydra!
The nine-headed hydra is heavily wounded.
The nine-headed hydra bites you.
* * * LOW HITPOINT WARNING * * *
The nine-headed hydra bites you but does no damage. x4
The nine-headed hydra bites you. The nine-headed hydra bites you!
* * * LOW HITPOINT WARNING * * *
You block the nine-headed hydra's attack.
The nine-headed hydra bites you but does no damage.
You punch the nine-headed hydra!
The nine-headed hydra is heavily wounded.
The nine-headed hydra closely misses you.
The nine-headed hydra bites you.
* * * LOW HITPOINT WARNING * * *
The nine-headed hydra bites you.
The nine-headed hydra bites you but does no damage.
The nine-headed hydra bites you!
* * * LOW HITPOINT WARNING * * *
The nine-headed hydra closely misses you.
The nine-headed hydra barely misses you.
The nine-headed hydra bites you but does no damage.
The nine-headed hydra bites you!
* * * LOW HITPOINT WARNING * * *
You hit the nine-headed hydra.
The nine-headed hydra is heavily wounded.
The nine-headed hydra bites you but does no damage.
The nine-headed hydra closely misses you.
The nine-headed hydra bites you but does no damage.
The nine-headed hydra bites you! Elyvilon protects you from harm!
The nine-headed hydra bites you but does no damage.
The nine-headed hydra bites you!
You die...

#.#........##.......#
#.#........##.......#
#)###########.......#
#)).....#,, #########
#.)###..# * * *
#.......# , ,
##.###.##+#, ,
#.......#.+ + *
#..###.@#'# , ,
#.......D.#, , ,
###########* *


You could see a nine-headed hydra.

Vanquished Creatures
  2 wargs (D)
  A floating eye (D)
  A centaur (D)
  A gnoll sergeant (D)
  2 orc wizards (D)
  3 gnolls (D)
  A river rat (D)
  An ufetubus (D)
  3 orcs (D)
  2 bats (D)
  An endoplasm (D)
  3 jackals (D)
  A quokka (D)
  A ball python skeleton (D)
  A quokka zombie (D)
  A rat (D)
25 creatures vanquished.

Notes
Turn   | Place    | Note
-------+----------+-------------------------------------------
     0 | D        | jt the Deep Dwarf Fighter began the quest for the Orb.
     0 | D        | Reached XP level 1. HP: 20/20 MP: 1/1
    37 | D        | Found a glowing golden altar of the Shining One.
    37 | D        | Found a glowing silver altar of Zin.
    37 | D        | Found a basalt altar of Yredelemnul.
    37 | D        | Found a shimmering altar of Xom.
    37 | D        | Found an ornate altar of the Wu Jian Council.
    37 | D        | Found a bloodstained altar of Trog.
    37 | D        | Found a shimmering blue altar of Sif Muna.
    37 | D        | Found a sacrificial altar of Ru.
    37 | D        | Found a stormy altar of Qazlal.
    37 | D        | Found an iron altar of Okawaru.
    37 | D        | Found a sparkling altar of Nemelex Xobeh.
    37 | D        | Found a burning altar of Makhleb.
    37 | D        | Found a viscous altar of Jiyva.
    37 | D        | Found a hazy altar of Hepliaklqana.
    37 | D        | Found an opulent altar of Gozag.
    37 | D        | Found a blossoming altar of Fedhas.
    37 | D        | Found a white marble altar of Elyvilon.
    37 | D        | Found a shadowy altar of Dithmenos.
    37 | D        | Found a snail-covered altar of Cheibriados.
    39 | D        | Found a radiant altar of Vehumet.
    39 | D        | Found a corrupted altar of Lugonu.
    40 | D        | Found a hide-covered altar of Uskayaw.
    40 | D        | Found an ancient bone altar of Kikubaaqudgha.
    40 | D        | Found a broken altar of Ashenzari.
    48 | D        | Became a worshipper of Elyvilon the Healer
    65 | D        | Reached skill level 3 in Axes
    69 | D        | Reached XP level 2. HP: 24/27 MP: 2/2
    78 | D        | Reached skill level 4 in Axes
    79 | D        | Reached skill level 1 in Invocations
    90 | D        | Reached skill level 5 in Shields
   156 | D        | Noticed a warg
   156 | D        | Noticed a warg
   163 | D        | Noticed a gnoll sergeant
   166 | D        | Reached skill level 5 in Axes
   166 | D        | Reached XP level 3. HP: 33/33 MP: 3/6
   168 | D        | Noticed a centaur
   170 | D        | Killed a warg
   171 | D        | Reached skill level 10 in Axes
   171 | D        | Reached skill level 5 in Invocations
   171 | D        | Reached XP level 4. HP: 40/40 MP: 4/7
   171 | D        | Reached XP level 5. HP: 46/46 MP: 4/8
   179 | D        | Killed a warg
   180 | D        | Reached skill level 12 in Axes
   180 | D        | Reached XP level 6. HP: 55/55 MP: 5/9
   194 | D        | Reached skill level 13 in Axes
   197 | D        | Reached skill level 14 in Axes
   236 | D        | Noticed a floating eye
   237 | D        | Paralysed by a floating eye for 4 turns
   244 | D        | Killed a floating eye
   245 | D        | Reached skill level 15 in Axes
   245 | D        | Reached XP level 7. HP: 61/61 MP: 9/9
   246 | D        | Noticed an eight-headed hydra
   257 | D        | HP: 2/91 [nine-headed hydra (7)]
   258 | D        | Elyvilon protects you from harm!
   258 | D        | Mangled by a nine-headed hydra

Illustrated notes

Levels and vault maps discovered:
D:        pitsprint [storerooms_1, entrance_room_1, metal_vault_5, armoury_1,
          mini_pit_1, grid_room_1, main_hall_1, silver_pit, the_coven_2,
          the_vestibule_1, steel_vault_5, golden_pit, hallway_of_sentries,
          crystal_vault_2, iron_vault_1, final_vault]

Skill      XL: |  1  2  3  4  5  6 |
---------------+-------------------+-----
Axes           | 3 5 10 12 15 | 15.4
Shields        | 4 5 6 |  6.0
Invocations    | 4 5 |  5.0
Fighting       | |  2.6
Armour         | |  3.2

Action                   |  1- 3 |  4- 6 |  7- 9 || total
-------------------------+-------+-------+-------++-------
Melee: Hand axe          |    26 |       |       ||    26
       War axe           |    13 |    36 |     1 ||    50
       Unarmed           |       |       |     5 ||     5
 Abil: Heal Wounds       |     1 |     2 |     2 ||     5
  Use: Potion            |     1 |       |     2 ||     3
Armor: Scale mail        |     9 |       |       ||     9
       Chain mail        |     7 |    30 |    23 ||    60
Dodge: Dodged            |    15 |    22 |    13 ||    50
Block: Buckler           |     4 |    15 |    13 ||    32

Table legend: (Time is in decaauts)
 A = Elapsed time spent in this place.
 B = Non-inter-level travel time spent in this place.
 C = Inter-level travel time spent in this place.
 D = Time resting spent in this place.
 E = Time spent auto-exploring this place.
 F = Levels seen in this place.
 G = Mean time per level.
                   A        B        C        D        E       F      G
               +--------+--------+--------+--------+--------+-----+--------+
         Total |    268 |    248 |     20 |     19 |      0 |   1 |  268.0 |
       Dungeon |    268 |    248 |     20 |     19 |      0 |   1 |  268.0 |
               +--------+--------+--------+--------+--------+-----+--------+

Top non-repeatable levels by time:
       D: 268 daAuts
